 Dungeon Crawl Stone Soup version 0.32-a0-931-g5a2cda0630 (webtiles) character file.

Game seed: 4570019287578256357

18784 smashvw the Impaler (level 12, -5/172 HPs)
             Began as a Minotaur Berserker on Apr 13, 2024.
             Was a High Priest of Trog.
             Incinerated by a deep elf pyromancer (9 damage)
             ... with a pyre arrow
             ... on level 12 of the Dungeon on Apr 14, 2024.
             The game lasted 00:26:56 (13364 turns).

smashvw the Impaler (Minotaur Berserker)           Turns: 13364, Time: 00:26:56

Health: -5/172     AC: 20    Str: 27    XL:     12   Next: 30%
Magic:  11/11      EV:  7    Int:  7    God:    Trog [*****.]
Gold:   389        SH:  0    Dex: 10    Spells: 11/11 levels left

rFire   . . .        a - +0 halberd (heavy)
rCold   . . .        (shield currently unavailable)
rNeg    . . .        N - +0 plate armour
rPois   +            P - +0 hat "Enalahol" {rPois Int+3}
rElec   .            K - +0 cloak
rCorr   .            Q - +0 pair of gloves {hurl}
SInv    +            m - +0 pair of boots
Will    +....        (no amulet) Stlth
                     h - ring of willpower
HPRegen 0.48/turn    D - ring of see invisible
MPRegen 0.12/turn

%: no passive effects
@: berserking, on fire, glowing, very quick
A: horns 2, retaliatory headbutt
a: Renounce Religion, Berserk, Trog's Hand, Brothers in Arms


You were on level 12 of the Dungeon.
You worshipped Trog.
Trog was extremely pleased with you.
You visited 2 branches of the dungeon, and saw 14 of its levels.
You visited 1 bazaar.

You collected 739 gold pieces.
You spent 350 gold pieces at shops.

Inventory:

Hand Weapons
 a - a +0 heavy halberd (weapon)
 A - a +2 spear of venom
 G - a +5 spear of venom
Missiles
 d - 52 poisoned darts (quivered)
 l - 10 curare-tipped darts
 r - 8 atropa-tipped darts
 M - 3 throwing nets
Armour
 m - a +0 pair of boots (worn)
 H - a +0 kite shield
 K - a +0 cloak (worn)
 N - a +0 plate armour (worn)
 P - the +0 hat "Enalahol" (worn) {rPois Int+3}
   (You bought it in a shop in a bazaar)

   Int+3:     It affects your intelligence (+3).
   rPois:     It protects you from poison.
 Q - a +0 pair of gloves of hurling (worn)
Jewellery
 h - a ring of willpower (left hand)
 D - a ring of see invisible (right hand)
Wands
 s - a wand of mindburst (10)
 y - a wand of roots (22)
 C - a wand of flame (15)
 L - a wand of light (6)
 O - a wand of paralysis (7)
Scrolls
 b - 2 scrolls of noise
 g - a scroll of poison
 k - 2 scrolls of fear
 n - 2 scrolls of amnesia
 p - a scroll of butterflies
 q - 3 scrolls of enchant weapon
 t - 5 scrolls of teleportation {unknown}
 v - 2 scrolls of revelation {unknown}
 z - 4 scrolls of blinking
 B - a scroll of vulnerability {unknown}
 E - a scroll of brand weapon {unknown}
 I - 2 scrolls of fog
Potions
 c - 3 potions of brilliance
 f - 5 potions of curing
 i - a potion of haste
 j - 3 potions of might
 o - 3 potions of heal wounds
 u - 2 potions of resistance {unknown}
 w - 2 potions of lignification {unknown}
 x - 2 potions of berserk rage {unknown}
 J - a potion of mutation {unknown}


   Skills:
 + Level 13.4 Fighting
 - Level 16.0 Polearms
 + Level 12.5 Armour
 - Level 2.1 Dodging
 - Level 4.0 Evocations


You had 11 spell levels left.
You didn't know any spells.
Your spell library was empty.

Dungeon Overview and Level Annotations

Branches:
Dungeon (13/15)            Temple (1/1) D:7            Lair (0/5) D:10
    Orc (0/2) D:11
 Vaults: D:13-14

Altars:
Ashenzari
Cheibriados
Dithmenos
Elyvilon
Fedhas
Gozag
Hepliaklqana
Kikubaaqudgha
Makhleb
Nemelex Xobeh
Okawaru
Qazlal
Ru
Sif Muna
Trog
Uskayaw
Vehumet
Wu Jian
Xom
Yredelemnul
Zin
The Shining One

Shops:
D:10 *(:(

Annotations:
D:4 1 runed translucent door, Crazy Yiuf
D:5 3 runed translucent doors, Stellion's ghost, novice MDFi
D:6 1 runed translucent door, Biggs's ghost, novice CoHu
D:10 2 transporters


Innate Abilities, Weirdness & Mutations

You have a pair of horns on your head.
You reflexively headbutt those who attack you in melee.


Message History

Aim: a yak (about 24% to evade your +0 heavy halberd)
You reach to attack!
You slice the yak!!
The yak is heavily wounded.
The deep elf pyromancer mumbles some strange words.
The deep elf pyromancer blinks!
The slime creature jiggles.
Reach: a) +0 halberd (heavy)
Press: ? - help, Dir - move target, f/p - yak
Aim: a yak (heavily wounded, about 24% to evade your +0 heavy halberd)
You closely miss the yak. You headbutt the yak!!
You kill the yak!
Trog accepts your kill.
The deep elf pyromancer casts a spell.
The deep elf pyromancer blinks!
Reach: a) +0 halberd (heavy)
Press: ? - help, Dir - move target, f - slime creature
Aim: a slime creature (about 15% to evade your +0 heavy halberd)
Okay, then.
You are too berserk!
Unknown command.
The slime creature attacks as it pursues you!
The slime creature hits you!
* * * LOW HITPOINT WARNING * * *
The deep elf pyromancer gestures at you while chanting.
The pyre arrow hits you.
You are covered in intense liquid fire!
Reach: a) +0 halberd (heavy)
Press: ? - help, Dir - move target, f - deep elf pyromancer
Aim: a deep elf pyromancer, wielding a +0 short sword and wearing a +0 ring mail (about 40% to evade your +0 heavy halberd)
You reach to attack!
You closely miss the deep elf pyromancer.
The liquid fire burns you!
* * * LOW HITPOINT WARNING * * *
Reach: a) +0 halberd (heavy)
Press: ? - help, Dir - move target, f/p - deep elf pyromancer
Aim: a deep elf pyromancer, wielding a +0 short sword and wearing a +0 ring mail (about 40% to evade your +0 heavy halberd)
You reach to attack!
You barely miss the deep elf pyromancer.
The liquid fire burns you!
You die...

#.# #.# #. .#..# #.# #.# # ..
##.# #.####.# #^ #.# #.#
'......#..#.. ..# #.#
#......#..##.# .^######.. #.#
########...#^.##.C.....§# #.#
##.........##..##)ß..ß.# #.#
.#..........#...#J######. #.#
.#....##....##..@........ #####.#
.#....##....##e..†....... #.....#
.#....##....'#...........##.....#
.#....##....#.##........##......#
.#..........#..##########.......#
.#..........#.## #....#.........#
.'..[.......#.# #....#.........#
.#..........#.# #....#......#..#
.#..........#.# #....#......#..#


You could see a slime creature, a cyclops and a deep elf pyromancer.

Vanquished Creatures
  Rupert (D:12)
  2 centaur warriors
  3 boulder beetles
  2 two-headed ogres
  Sonja (D:10)
  A phantasmal warrior (D:12)
  A deep elf pyromancer (D:12)
  An ugly thing (D:12)
  A cyclops (D:12)
  2 manticores (D:12)
  A gargoyle (D:12)
  Maggie (D:6)
  A komodo dragon (D:11)
  6 trolls
  A hornet (D:9)
  2 shadows
  A vampire (D:9)
  A wyvern (D:9)
  A basilisk (D:12)
  12 yaks
  4 vampire mosquitoes (D:10)
  A steam dragon (D:7)
  A water moccasin (D:8)
  An acid dragon (D:12)
  2 orc warriors
  3 sky beasts
  4 black bears
  2 ice beasts
  5 centaurs
  2 phantoms (D:6)
  5 kobold brigands
  Blork the orc (D:6)
  4 bullfrogs
  4 gnoll sergeants
  2 scorpions
  8 wights
  12 killer bees
  A howler monkey (D:6)
  3 bombardier beetles
  3 hounds (D:5)
  A gnoll bouda (D:4)
  6 orc priests
  A jelly (D:6)
  5 iguanas
  3 sleepcaps
  8 orc wizards
  28 gnolls
  10 adders
  2 shadow imps
  2 white imps (D:8)
  2 ufetubi (D:5)
  3 dart slugs
  3 ribbon worms
  34 orcs
  5 bats
  4 endoplasms
  4 giant cockroaches
  8 hobgoblins
  4 jackals (D:5)
  44 kobolds
  3 quokkas
  12 ball pythons
  3 frilled lizards
  3 goblins
  6 rats
314 creatures vanquished.

Notes
Turn   | Place    | Note
-------+----------+-------------------------------------------
     0 | D:1      | smashvw the Minotaur Berserker began the quest for the Orb.
     0 | D:1      | Reached XP level 1. HP: 19/19 MP: 0/0
   145 | D:1      | Reached skill level 4 in Polearms
   152 | D:1      | Reached XP level 2. HP: 27/27 MP: 1/1
   562 | D:1      | Reached ** piety under Trog
   563 | D:1      | Reached XP level 3. HP: 33/34 MP: 2/2
  1553 | D:2      | Reached XP level 4. HP: 41/41 MP: 3/3
  1587 | D:2      | Found a shimmering altar of Xom.
  1613 | D:2      | Reached skill level 5 in Fighting
  1613 | D:2      | Reached skill level 5 in Polearms
  2045 | D:3      | Reached skill level 6 in Polearms
  2045 | D:3      | Reached XP level 5. HP: 48/48 MP: 4/4
  2134 | D:3      | Identified the +3 whip "Qesch" {flame, rPois Int+5}
  2579 | D:4      | Noticed a black bear
  2587 | D:4      | Killed a black bear
  2588 | D:4      | Reached skill level 7 in Polearms
  2711 | D:4      | Reached XP level 6. HP: 33/56 MP: 5/5
  2972 | D:4      | Reached skill level 8 in Polearms
  3126 | D:4      | Reached *** piety under Trog
  3452 | D:4      | Found a runed translucent door.
  3453 | D:4      | Noticed Crazy Yiuf
  3635 | D:4      | Reached skill level 9 in Polearms
  3638 | D:4      | Reached XP level 7. HP: 54/61 MP: 6/6
  3798 | D:5      | Entered Level 5 of the Dungeon
  3912 | D:5      | Found a radiant altar of Vehumet.
  4070 | D:5      | Reached skill level 10 in Polearms
  4180 | D:5      | Found a runed translucent gate.
  4180 | D:5      | Found a runed translucent gate.
  4180 | D:5      | Found a runed translucent gate.
  4181 | D:5      | Noticed Stellion's ghost (novice MDFi)
  4543 | D:6      | Found a runed translucent door.
  4547 | D:6      | Noticed Biggs's ghost (novice CoHu)
  4617 | D:6      | Reached skill level 11 in Polearms
  4621 | D:6      | Identified the +4 shortbow of Viurig Dala {elec, +Blink
                  | rPois Str+2}
  4643 | D:6      | Reached XP level 8. HP: 41/68 MP: 7/7
  4743 | D:6      | Noticed Blork the orc
  4756 | D:6      | Killed Blork the orc
  4756 | D:6      | Reached **** piety under Trog
  5070 | D:6      | Reached skill level 12 in Polearms
  5310 | D:6      | Noticed Maggie
  5327 | D:6      | Killed Maggie
  5328 | D:6      | Reached skill level 13 in Polearms
  5739 | D:6      | Reached XP level 9. HP: 63/74 MP: 8/8
  6013 | D:7      | Reached skill level 14 in Polearms
  6058 | D:7      | Reached skill level 5 in Armour
  6609 | D:7      | Reached ***** piety under Trog
  6704 | D:7      | Found a staircase to the Ecumenical Temple.
  6731 | Temple   | Entered the Ecumenical Temple
  7063 | D:8      | Reached skill level 15 in Polearms
  7468 | D:8      | Reached XP level 10. HP: 86/86 MP: 9/9
  7932 | D:9      | Reached skill level 16 in Polearms
  8165 | D:9      | Paralysed by a hornet for 1 turns
  8170 | D:9      | Paralysed by a hornet for 1 turns
  9103 | D:10     | Entered Level 10 of the Dungeon
  9110 | D:10     | Found a staircase to the Lair.
  9153 | D:10     | Found Sicwasee's Book Emporium.
  9249 | D:10     | Found a transporter.
  9251 | D:10     | Found Ydwiram's Weapon Shop.
  9584 | D:10     | Noticed Sonja
  9587 | D:10     | Killed Sonja
  9588 | D:10     | Reached skill level 10 in Fighting
  9681 | D:10     | Found Sinadd's Antique Weapon Shoppe.
  9704 | D:10     | Reached XP level 11. HP: 99/99 MP: 10/10
  9747 | D:10     | Found Usaeph's General Store.
  9952 | D:10     | Found a transporter.
 10012 | D:11     | Noticed a two-headed ogre
 10017 | D:11     | Killed a two-headed ogre
 10115 | D:11     | Noticed a boulder beetle
 10124 | D:11     | Killed a boulder beetle
 10125 | D:11     | Reached skill level 10 in Armour
 10125 | D:11     | Reached skill level 1 in Evocations
 10459 | D:11     | Noticed a boulder beetle
 10465 | D:11     | Killed a boulder beetle
 10854 | D:11     | Noticed a centaur warrior
 10861 | D:11     | Killed a centaur warrior
 11108 | D:11     | Identified the +4 mace of Banom {speed, rElec rN+}
 11278 | D:11     | Found a staircase to the Orcish Mines.
 11752 | D:12     | Identified the +1 ring mail "Vomeng" {Str+3 Dex+5}
 11784 | D:12     | Noticed Rupert
 11792 | D:12     | Paralysed by Rupert for 5 turns
 11800 | D:12     | Killed Rupert
 12063 | D:12     | Noticed a boulder beetle
 12071 | D:12     | Killed a boulder beetle
 12259 | D:12     | Noticed a purple ugly thing
 12268 | D:12     | Killed a purple ugly thing
 12276 | D:12     | Noticed a two-headed ogre
 12286 | D:12     | Killed a two-headed ogre
 12364 | D:12     | Found a flickering gateway to a bazaar.
 12370 | D:12     | Reached XP level 12. HP: 79/113 MP: 11/11
 12385 | Bazaar   | Entered a bazaar
 12480 | Bazaar   | Found Apean's Book Boutique.
 12494 | Bazaar   | Found Nauthrol's Armour Shop.
 12508 | Bazaar   | Found Ytiok's Jewellery Boutique.
 12522 | Bazaar   | Found Hupsu's General Store.
 12536 | Bazaar   | Found Meepis's General Store.
 12640 | Bazaar   | Bought a scroll of identify for 18 gold pieces
 12640 | Bazaar   | Bought a scroll of butterflies for 36 gold pieces
 12640 | Bazaar   | Bought a scroll of fog for 36 gold pieces
 12640 | Bazaar   | Bought a scroll of blinking for 67 gold pieces
 12682 | Bazaar   | Bought the +0 hat "Enalahol" {rPois Int+3} for 193 gold
                  | pieces
 13347 | D:12     | Noticed a centaur warrior
 13358 | D:12     | Killed a centaur warrior
 13363 | D:12     | HP: 4/172 [burnt (10)]
 13364 | D:12     | Incinerated by a deep elf pyromancer

Illustrated notes

Levels and vault maps discovered:
D:1:      lemuel_arrival_muddy, layout_loops_ring
D:2:      layout_loops_corners, basic_altar, minivault_5
D:3:      layout_loops_ring
D:4:      kennysheep_kobold_camp, layout_basic, uniq_crazy_yiuf_cottage
D:5:      layout_rooms, kennysheep_little_box, gammafunk_ghost_necromancy,
          grunt_ministairs_13, hangedman_decor_points
D:6:      layout_loops_ring, ebering_ghost_sewer_d, uniq_blork_the_orc,
          uniq_maggie
D:7:      layout_rooms, minmay_temple_entry_wispy, feat_on_display
D:8:      layout_rooms, minmay_misc_feat_five
D:9:      layout_basic
D:10:     minmay_skewed_foursquare, layout_long_grid, dpeg_oklobed_lair,
          serial_shops, shop, nicolae_shop_statue_plus, kennysheep_mini_moat,
          nicolae_shop_drivethru, uniq_sonja
D:11:     layout_stronghold, hiddenorc1_lemuel, chequers_serial_rivers_marsh
D:12:     layout_stronghold, serial_shops, bzr_entry_islet, nzn_random_ring,
          uniq_lodul, uniq_rupert, uniq_nessos
D:13:     layout_cave_pools, hangedman_vaults_entry_quadrant_bands, uniq_kirke
Temple:   mainiacjoe_temple_trianglar_array

Skill      XL: |  1  2  3  4  5  6  7  8  9 10 11 12 |
---------------+-------------------------------------+-----
Fighting       | 4 5 7 10 12 13 | 13.4
Polearms       | 4 6 7 9 11 13 15 16 | 16.0
Armour         | 5 8 11 12 | 12.5
Evocations     | 4 |  4.0
Dodging        | |  2.1

Action                     |  1- 3 |  4- 6 |  7- 9 | 10-12 || total
---------------------------+-------+-------+-------+-------++-------
  Melee: Spear             |   114 |   207 |   483 |    38 ||   842
         Headbutt          |    13 |    19 |    56 |    36 ||   124
         Trident           |       |    22 |       |       ||    22
         Halberd           |       |       |       |   227 ||   227
 Invoke: Berserk           |       |     1 |     1 |     8 ||    10
    Use: Potion            |       |       |     1 |     1 ||     2
         Scroll            |       |       |       |    10 ||    10
 Armour: Animal skin       |    39 |    10 |       |       ||    49
         Chain mail        |       |    95 |   165 |   140 ||   400
         Plate armour      |       |       |       |    79 ||    79
  Dodge: Dodged            |    41 |    50 |    77 |    74 ||   242

Table legend: (Time is in decaauts)
 A = Elapsed time spent in this place.
 B = Non-inter-level travel time spent in this place.
 C = Inter-level travel time spent in this place.
 D = Time resting spent in this place.
 E = Time spent auto-exploring this place.
 F = Levels seen in this place.
 G = Mean time per level.
                   A        B        C        D        E       F      G
               +--------+--------+--------+--------+--------+-----+--------+
         Total |  13142 |  12649 |    493 |    756 |   9855 |  15 |  876.1 |
       Dungeon |  12688 |  12268 |    420 |    756 |   9676 |  13 |  976.0 |
        Temple |     78 |      5 |     73 |      0 |      0 |   1 |   78.0 |
        Bazaar |    375 |    375 |      0 |      0 |    179 |   1 |  375.0 |
               +--------+--------+--------+--------+--------+-----+--------+

Top non-repeatable levels by time:
    D:11: 1737 daAuts
     D:9: 1392 daAuts
     D:6: 1383 daAuts
    D:12: 1256 daAuts
     D:4: 1216 daAuts
     D:2: 1014 daAuts
    D:10: 909 daAuts
     D:7: 881 daAuts
     D:1: 769 daAuts
     D:3: 736 daAuts
     D:5: 700 daAuts
     D:8: 647 daAuts
  Bazaar: 375 daAuts
  Temple: 78 daAuts
    D:13: 41 daAuts
